AoeStats
← Gumar

Fortress

508740781Analyzed
2v2 RM · 9d ago on Sep 23, 2026· 68m 55s· 4 players
Game mode
Random Map
Map size
Normal (6 player)
Population
200
Speed
Normal
Resources
Standard
Victory
Conquest
Starting age
Dark Age
Ending age
Imperial Age
RankedLock teamsTeams togetherTeam positionsShared explorationLock speedFull tech treeHidden civsTurbo modeCheats
Victory
Defeat
🇨🇴 Vikings · Colombia
638
+15
🇵🇱 Poles · Poland
632
+15
🇨🇾 Vikings · Cyprus
626
-15
🇹🇷 Persians · Türkiye
605
-15
castle_master
1:09 Loom
8:17 Feudal Age
10:06 Wheelbarrow
9:13 Horse Collar
18:10 Castle Age
17:06 Arson
16:42 Man-at-Arms
18:05 Gold Mining
18:06 Stone Mining
18:10 Double-Bit Axe
19:08 Heavy Plow
19:23 Bow Saw
25:29 Gold Shaft Mining
27:32 Kamandaran
30:11 Squires
29:57 Gambesons
29:33 Long Swordsman
31:11 Forging
33:48 Hand Cart
33:44 Scale Mail Armor
33:59 Pikeman
37:19 Caravan
39:36 Coinage
45:29 Imperial Age
46:04 Iron Casting
45:44 Chain Mail Armor
45:37 Scale Barding Armor
46:24 Citadels
46:59 Hoardings
45:55 Sappers
46:46 Conscription
47:46 Masonry
47:27 Heated Shot
47:58 Ballistics
48:39 Chemistry
47:35 Murder Holes
47:31 Guard Tower
47:54 Husbandry
47:15 Cavalier
48:23 Elite War Elephant
49:51 Devotion
50:27 Theocracy
50:03 Fervor
50:09 Block Printing
50:17 Halberdier
52:50 Banking
54:12 Blast Furnace
53:43 Plate Mail Armor
53:34 Chain Barding Armor
53:51 Guilds
57:42 Stone Shaft Mining
59:47 Architecture
67:08 Faith
tolislambrou
7:34 Feudal Age
8:21 Double-Bit Axe
12:50 Horse Collar
13:05 Gold Mining
13:53 Stone Mining
14:30 Forging
14:21 Scale Mail Armor
16:55 Castle Age
18:00 Squires
17:51 Arson
18:46 Iron Casting
18:26 Chain Mail Armor
18:23 Heavy Plow
19:43 Chain Mail Armor
29:13 Imperial Age
27:10 Bow Saw
29:43 Elite Berserk
31:01 Conscription
31:44 Blast Furnace
31:15 Plate Mail Armor
33:07 Chieftains
34:07 Caravan
34:20 Loom
39:30 Elite Varangian Guard
45:02 Scale Barding Armor
46:33 Elite Skirmisher
Fercho083
4:37 Loom
9:16 Feudal Age
9:50 Double-Bit Axe
10:40 Horse Collar
15:27 Castle Age
14:29 Gold Mining
18:25 Stone Mining
21:55 Fortified Wall
22:40 Arson
22:56 Squires
23:39 Fletching
24:01 Forging
23:54 Scale Mail Armor
24:17 Bow Saw
24:08 Heavy Plow
27:29 Murder Holes
28:36 Crossbowman
32:13 Imperial Age
32:27 Guard Tower
33:58 Two-Man Saw
32:21 Arbalester
34:33 Caravan
35:17 Bogsveigar
36:22 Bodkin Arrow
37:39 Ballistics
38:20 Chemistry
38:25 Padded Archer Armor
38:26 Bracer
41:31 Leather Archer Armor
47:45 Siege Engineers
51:18 Elite Varangian Guard
52:56 Conscription
52:41 Chieftains
56:08 Iron Casting
55:49 Chain Mail Armor
59:21 Plate Mail Armor
59:52 Blast Furnace
59:23 Ring Archer Armor
63:00 Masonry
Gumar
7:50 Feudal Age
8:13 Horse Collar
8:25 Double-Bit Axe
18:41 Castle Age
16:36 Stone Mining
20:08 Bow Saw
20:01 Heavy Plow
22:46 Light Cavalry
27:35 Bloodlines
27:26 Husbandry
31:17 Pikeman
31:58 Squires
31:43 Arson
33:34 Gold Mining
34:24 Stone Shaft Mining
36:22 Wheelbarrow
36:26 Fervor
36:49 Crossbowman
37:35 Thumb Ring
41:41 Imperial Age
39:25 Fletching
41:04 Hand Cart
41:16 Elite Skirmisher
41:59 Bodkin Arrow
42:04 Padded Archer Armor
41:59 Arbalester
44:36 Szlachta Privileges
45:48 Block Printing
45:57 Heavy Mounted Crossbowman
47:22 Conscription
47:36 Forging
48:33 Bracer
48:49 Leather Archer Armor
49:09 Iron Casting
48:35 Scale Mail Armor
50:46 Iron Casting
51:21 Chain Mail Armor
51:11 Scale Barding Armor
51:20 Caravan
51:57 Coinage
55:20 Sanctity
55:00 Devotion
57:30 Hoardings
57:18 Lechitic Legacy
59:36 Town Watch
59:57 Onager
61:44 Chemistry
61:05 Ballistics
60:30 Arrowslits
60:41 Murder Holes
60:51 Siege Engineers
61:26 Redemption
63:23 Winged Hussar
63:24 Cavalier
Connection lost

Rejoining the realm…

Still unreachable

The connection could not be restored.

Session expired

The server has moved on; the page needs a fresh start.